 Dungeon Crawl Stone Soup version 0.26.1-2-gb8aa6d0cf2 (webtiles) character file.

Game seed: 10319726835518693807

104372 Glorbak the Bludgeoner (level 16, -5/97 (101) HPs)
             Began as a Gargoyle Fighter on Mar 25, 2021.
             Was the Champion of Wu Jian.
             Slain by a sun demon (8 damage)
             ... summoned by an orc high priest
             ... on level 2 of the Orcish Mines.
             The game lasted 02:02:40 (27528 turns).

Glorbak the Bludgeoner (Gargoyle Fighter)          Turns: 27528, Time: 02:02:41

HP:   -5/97 (101)   AC: 38    Str: 27    XL:     16   Next: 38%
MP:   0/14          EV:  9    Int: 12    God:    Wu Jian [******]
Gold: 2874          SH: 29    Dex: 22    Spells: 1/15 levels left

rFire    + . .     SeeInvis .   v - +3 morningstar (protect)
rCold    . . .     Faith    .   B - +5 kite shield {reflect}
rNeg     + . .     Spirit   +   d - +8 chain mail of Kygeorgh {rF+}
rPois    ∞         Reflect  +   s - +0 hat
rElec    +         Harm     .   A - +0 cloak
rCorr    .         Rampage  .   H - +1 pair of gloves of Lesser Demons {Dex+2}
Will     +....                  r - +0 pair of boots
Stlth    ..........             a - brooch of Shielding {Spirit SH+8}
HPRegen  0.26/turn              t - +6 ring of dexterity
MPRegen  0.14/turn              K - +6 ring of strength

@: flying, studying 2 skills, lightly drained
A: big wings, clever 1, low mp 1, negative energy resistance 1, electricity
resistance, unbreathing, petrification resistance, miasma immunity, sturdy frame
1, AC +12
a: Stop Flying, Renounce Religion, Wall Jump, Serpent's Lash, Heavenly Storm


You were on level 2 of the Orcish Mines.
You worshipped Wu Jian.
Wu Jian was exalted by your worship.
You visited 4 branches of the dungeon, and saw 23 of its levels.
You visited the Abyss 1 time.
You also visited: Gauntlet.

You collected 3786 gold pieces.
You spent 912 gold pieces at shops.

Inventory:

Hand Weapons
 v - a +3 morningstar of protection (weapon)
Armour
 d - the +8 chain mail of Kygeorgh (worn) {rF+}
   (You found it on level 1 of the Lair of Beasts)

   It protects you from fire.
 r - a +0 pair of boots (worn)
 s - a +0 hat (worn)
 A - a +0 cloak (worn)
 B - a +5 kite shield of reflection (worn)
 H - the +1 pair of gloves of Lesser Demons (worn) {Dex+2}
   (You found it on level 8 of the Dungeon)

   It affects your dexterity (+2).
Jewellery
 a - the brooch of Shielding (around neck) {Spirit SH+8}
   (You found it on level 2 of the Lair of Beasts)

   [amulet of guardian spirit]

   It causes incoming damage to be split between your health and magic.
   It affects your SH (+8).
 c - a +4 ring of evasion
 e - an uncursed amulet of reflection
 h - a +6 ring of dexterity
 t - a +6 ring of dexterity (left hand)
 y - an uncursed amulet of regeneration
 K - a +6 ring of strength (right hand)
 M - a +6 ring of strength
 N - an uncursed ring of see invisible
Wands
 b - a wand of iceblast (23) (quivered)
 f - a wand of disintegration (25)
 k - a wand of acid (40)
 w - a wand of digging (14)
 S - a wand of random effects (10)
Scrolls
 i - 6 scrolls of teleportation
 j - 7 scrolls of fear
 n - 2 scrolls of blinking
 o - 6 scrolls of remove curse
 u - 4 scrolls of amnesia {unknown}
 L - a scroll of silence
 P - 3 scrolls of magic mapping
Potions
 g - 3 potions of attraction
 l - 6 potions of curing
 m - 4 potions of ambrosia
 p - a potion of lignification
 z - 6 potions of might
 D - 2 potions of magic
 F - 4 potions of haste
 G - 2 potions of cancellation
Books
 C - a manual of Shields
 E - a manual of Slings


   Skills:
 + Level 12.0 Fighting
 - Level 16.5 Maces & Flails
 + Level 12.9 Armour
 + Level 15.6 Shields
 + Level 11.9 Earth Magic


You had one spell level left.
You knew the following spells:

 Your Spells              Type           Power        Failure   Level
a - Lee's Rapid Deconstr  Erth           14%          19%         5
b - Passwall              Tmut/Erth      11%          12%         2
c - Stone Arrow           Conj/Erth      28%          24%         3
d - Petrify               Tmut/Erth      14%          63%         4

Your spell library contained the following spells:

 Spells                   Type           Power        Failure   Level
 Sandblast                Erth           56%          1%          1
 Animate Skeleton         Necr           0%           67%         1
 Apportation              Tloc           0%           67%         1
 Beastly Appendage        Tmut           0%           67%         1
 Corona                   Hex            0%           67%         1
 Foxfire                  Conj/Fire      0%           67%         1
 Magic Dart               Conj           0%           67%         1
 Summon Small Mammal      Summ           0%           67%         1
 Corpse Rot               Necr/Air       N/A          80%         2
 Ensorcelled Hibernation  Hex/Ice        0%           80%         2
 Searing Ray              Conj           0%           80%         2
 Wereblood                Tmut           0%           80%         2
 Borgnjor's Vile Clutch   Necr/Erth      7%           92%         5
 Confusing Touch          Hex            0%           95%         3
 Conjure Flame            Conj/Fire      0%           95%         3
 Dazzling Flash           Conj/Hex       0%           95%         3
 Gell's Gravitas          Tloc           0%           95%         3
 Ignite Poison            Fire/Tmut/Pois 0%           95%         3
 Inner Flame              Hex/Fire       0%           95%         3
 Spider Form              Tmut/Pois      0%           95%         3
 Bolt of Magma            Conj/Fire/Erth 4%           99%         5
 Cause Fear               Hex            0%           100%        4
 Dispel Undead            Necr           0%           100%        4
 Fulminant Prism          Conj/Hex       0%           100%        4
 Ice Form                 Ice/Tmut       0%           100%        4
 Iskenderun's Mystic Bla  Conj/Tloc      0%           100%        4
 Sticky Flame             Conj/Fire      0%           100%        4
 Agony                    Necr           0%           100%        5
 Blade Hands              Tmut           0%           100%        5
 Excruciating Wounds      Necr           0%           100%        5
 Fireball                 Conj/Fire      0%           100%        5
 Iskenderun's Battlesphe  Conj           0%           100%        5
 Metabolic Englaciation   Hex/Ice        0%           100%        5
 Silence                  Hex/Air        0%           100%        5
 Yara's Violent Unravell  Hex/Tmut       0%           100%        5
 Iron Shot                Conj/Erth      7%           100%        6
 Shadow Creatures         Summ           N/A          100%        6
 Starburst                Conj/Fire      0%           100%        6
 Orb of Destruction       Conj           0%           100%        7
 Spellforged Servitor     Conj/Summ      0%           100%        7
 Discord                  Hex            0%           100%        8
 Ignition                 Fire           0%           100%        8
 Sublimation of Blood     Necr           Unusable     N/A         2

Dungeon Overview and Level Annotations

Branches:
Dungeon (14/15)            Temple (1/1) D:6            Lair (6/6) D:8
 Shoals (0/4) Lair:3        Snake (0/4) Lair:2        Slime (0/5) Lair:6
    Orc (2/2) D:11            Elf (0/3) Orc:2        Vaults (0/5) D:14
Gauntlet (visited)

Altars:
Ashenzari
Cheibriados
Dithmenos
Elyvilon
Fedhas
Gozag
Hepliaklqana
Kikubaaqudgha
Makhleb
Nemelex Xobeh
Okawaru
Qazlal
Ru
Sif Muna
Trog
Uskayaw
Vehumet
Wu Jian
Xom
Yredelemnul
Zin
The Shining One

Shops:
D:8 :   Orc:1 :   Orc:2 !!


Innate Abilities, Weirdness & Mutations

You are resistant to torment.
Your stone body is resilient. (AC +12)
You are immune to poison.
Your large and strong wings let you fly indefinitely.
You resist negative energy. (rN+)
You are resistant to electric shocks. (rElec)
You can survive without breathing.
You are immune to petrification.
You are immune to miasma.
Your mind is acute. (Int +2)
Your magical capacity is low. (-10% MP)
Your movements are slightly less encumbered by armour. (ER -2)


Message History

You fade into invisibility!
You are very lightly contaminated with residual magic.
You see here a +0 dagger.
The ice devil disappears in a puff of smoke!
The orc high priest utters an invocation to Beogh.
The orc knight no longer looks unusually strong.
You flicker for a moment.
You block the sun demon's attack.
You flicker back into view.
You are no longer corroded.
The orc knight roars a battlecry!
The orc high priest goes into a battle-frenzy!
You block the sun demon's attack.
The orc knight roars a battlecry!
You block the sun demon's attack.
Your magical contamination has completely faded away.
There is a stone staircase leading up here.
The sun demon hits you!
* * * LOW HITPOINT WARNING * * *
You are engulfed in flames!
You resist.
You die...

.....#.......#
#.<........#
#.........#
#.......#
..##......#
........#####
##.#.........##
##..#..........##
##...........@...##
#........##..3....##
.......#####.......#
#........#.#......##
#...............##
#......o.....##
#.........#.##
##..oo....###
#..4.....#


You could see an orc high priest (strong) and a sun demon (summoned).

Vanquished Creatures
  Kirke (Lair:6)
  A minotaur (Gauntlet)
  The ghost of 15bullets the Cleaver, a journeyman FoFi of Okawaru (D:12)
  A fire dragon (Lair:6)
  Josephine (Lair:5)
  Erolcha (Orc:2)
  An ice dragon (Lair:5)
  A boulder beetle (Lair:4)
  7 hydras
  The ghost of Fuside the Blocker, a journeyman GnFi of Hepliaklqana (Lair:2)
  A catoblepas (Lair:6)
  Erica (D:8)
  2 centaur warriors
  4 vault guards (D:14)
  A death knight (D:13)
  3 two-headed ogres
  A tengu warrior (Gauntlet)
  2 death scarabs (Gauntlet)
  16 death yaks
  Sonja (D:12)
  A sun demon (Orc:2)
  A spectral death yak (Gauntlet)
  3 unseen horrors
  2 orc knights (Orc:2)
  A lindwurm (Lair:6)
  2 wizards
  A spectral hydra (Gauntlet)
  3 orc sorcerers
  An ugly thing (D:13)
  5 oklob plants
  4 deep elf magi
  Joseph (D:10)
  5 cyclopes
  3 elephants (Lair:5)
  2 merfolk sirens (Lair:3)
  A smoke demon (Gauntlet)
  An ice statue (Lair:5)
  5 black mambas
  2 gargoyles (D:12)
  2 molten gargoyles (Lair:6)
  15 cane toads
  2 kobold demonologists
  2 torpor snails
  A minotaur zombie (Gauntlet)
  A freezing wraith (D:14)
  10 komodo dragons
  2 rime drakes (Lair:6)
  5 polar bears (Lair:5)
  A tengu conjurer (Gauntlet)
  2 merfolk (Lair:3)
  An ancient zyme (Abyss:2)
  A meliai (Lair:2)
  4 trolls
  2 hornets
  A queen bee (Lair:2)
  Grinder (D:6)
  A harpy skeleton (D:14)
  Prince Ribbit (D:5)
  31 blink frogs
  16 dream sheep
  9 slime creatures
  2 shadows
  A vampire (D:13)
  5 wyverns
  6 wraiths
  A fire bat (Abyss:2)
  A spectral komodo dragon (Gauntlet)
  3 hogs (Lair:6)
  36 yaks
  4 golden eyes (Abyss:2)
  2 chaos spawn (Orc:2)
  2 vampire mosquitoes (D:14)
  7 basilisks
  A neqoxec (Orc:2)
  3 steam dragons
  A basilisk (shapeshifter) (D:14)
  A warg (Orc:2)
  A spectral cane toad (Gauntlet)
  7 nagas (Lair:2)
  16 water moccasins
  A soldier ant (D:13)
  Duvessa (D:4)
  5 hell hounds (Lair:6)
  An eye of draining (D:9)
  4 sky beasts
  A small abomination (Abyss:2)
  33 orc warriors
  9 ogres
  2 black bears
  7 ice beasts
  2 phantoms
  A necrophage (D:13)
  14 centaurs
  17 wolves
  Blork the orc (D:5)
  7 big kobolds
  16 bullfrogs
  Dowan (D:4)
  2 water moccasin skeletons
  8 scorpions
  5 wights (D:6)
  11 killer bees
  3 electric eels
  A howler monkey (D:7)
  3 bullfrog zombies
  3 crimson imps (Gauntlet)
  5 lava snakes (Lair:6)
  7 centaur zombies
  9 hounds
  3 jellies (Lair:6)
  31 orc priests
  2 bullfrog skeletons
  34 orc wizards
  Crazy Yiuf (D:6)
  A gnoll shaman (D:4)
  6 centaur skeletons
  4 iguanas
  10 worker ants
  A worker ant zombie (D:11)
  6 gnolls
  A howler monkey skeleton (D:5)
  13 adders
  3 shadow imps
  6 white imps
  An ufetubus (D:3)
  3 oozes
  A worm (D:3)
  3 dart slugs
  4 leopard geckos
  98 orcs
  3 ball pythons
  3 bat zombies (D:2)
  6 giant cockroaches
  9 goblins
  7 hobgoblins
  11 jackals
  6 quokkas
  5 bats
  5 frilled lizards
  A jackal skeleton (D:5)
  39 kobolds
  A quokka zombie (D:10)
  8 rats
819 creatures vanquished.

Vanquished Creatures (others)
  A hydra (Lair:6)
  A basilisk (Lair:6)
  A steam dragon (Lair:6)
  A small abomination (Abyss:2)
  An orc wizard (Orc:1)
  2 orcs (Orc:1)
  A kobold (D:12)
  4 bushes (Lair:4)
  12 fungi
  37 plants
  16 starspawn tentacles (Abyss:2)
  A withered plant (Gauntlet)
78 creatures vanquished.

Grand Total: 897 creatures vanquished

Notes
Turn   | Place    | Note
-------+----------+-------------------------------------------
     0 | D:1      | Glorbak the Gargoyle Fighter began the quest for the Orb.
     0 | D:1      | Reached XP level 1. HP: 14/14 MP: 1/1
    86 | D:1      | Reached XP level 2. HP: 15/19 MP: 2/2
   509 | D:1      | Reached XP level 3. HP: 22/23 MP: 3/3
   998 | D:2      | Found an ancient bone altar of Kikubaaqudgha.
  1348 | D:2      | Found a faded altar of an unknown god.
  1446 | D:2      | Reached XP level 4. HP: 29/29 MP: 4/4
  1846 | D:3      | Found a sparkling altar of Nemelex Xobeh.
  1976 | D:3      | Found a sacrificial altar of Ru.
  2040 | D:3      | Reached XP level 5. HP: 32/33 MP: 5/5
  2232 | D:3      | Found an iron altar of Okawaru.
  2443 | D:4      | Reached skill level 3 in Maces & Flails
  2448 | D:4      | Reached skill level 5 in Shields
  2451 | D:4      | Reached XP level 6. HP: 27/38 MP: 6/6
  2720 | D:4      | Noticed Dowan
  2721 | D:4      | Noticed Duvessa
  2734 | D:4      | Killed Duvessa
  2737 | D:4      | Killed Dowan
  2747 | D:4      | Reached XP level 7. HP: 32/44 MP: 7/7
  2855 | D:4      | Found a shadowy altar of Dithmenos.
  3096 | D:4      | Reached skill level 5 in Armour
  3488 | D:5      | Entered Level 5 of the Dungeon
  3684 | D:5      | Reached skill level 4 in Maces & Flails
  3783 | D:5      | Noticed Blork the orc
  3805 | D:5      | Killed Blork the orc
  3872 | D:5      | Found an opulent altar of Gozag.
  3872 | D:5      | Found a basalt altar of Yredelemnul.
  3972 | D:5      | Noticed Prince Ribbit
  4017 | D:5      | Killed Prince Ribbit
  4018 | D:5      | Reached XP level 8. HP: 44/48 MP: 8/8
  4553 | D:6      | Reached skill level 5 in Maces & Flails
  4610 | D:6      | Found a broken altar of Ashenzari.
  4725 | D:6      | Noticed Grinder
  4755 | D:6      | Killed Grinder
  4781 | D:6      | Reached XP level 9. HP: 52/53 MP: 9/9
  4791 | D:6      | Found a staircase to the Ecumenical Temple.
  4840 | Temple   | Entered the Ecumenical Temple
  4869 | Temple   | Became a worshipper of the Wu Jian Council
  5203 | D:6      | Found a runed translucent door.
  5204 | D:6      | Noticed Crazy Yiuf
  5215 | D:6      | Paralysed by Crazy Yiuf for 3 turns
  5221 | D:6      | Killed Crazy Yiuf
  5704 | D:7      | Noticed a hornet
  5730 | D:6      | Killed a hornet
  5731 | D:6      | Reached skill level 6 in Maces & Flails
  6010 | D:7      | Reached skill level 10 in Shields
  6183 | D:7      | Noticed a +0 hand axe
  6184 | D:7      | Noticed a +0 hand axe
  6187 | D:7      | Found a hide-covered altar of Uskayaw.
  6220 | D:7      | Found a shimmering altar of Xom.
  6484 | D:7      | Found a burning altar of Makhleb.
  6712 | D:8      | Noticed Erica
  6712 | D:8      | Noticed a two-headed ogre
  6755 | D:8      | Killed Erica
  6756 | D:8      | Reached XP level 10. HP: 58/58 MP: 10/10
  6773 | D:8      | Killed a two-headed ogre
  6866 | D:8      | Found a staircase to the Lair.
  6977 | D:8      | Reached * piety under Wu Jian
  6986 | D:8      | Got a pair of pitted gloves
  6996 | D:8      | Identified the +1 pair of gloves of Lesser Demons {Dex+2}
                  | (You found it on level 8 of the Dungeon)
  7049 | D:8      | Noticed a centaur warrior
  7070 | D:8      | Killed a centaur warrior
  7160 | D:8      | Noticed a cyclops
  7177 | D:8      | Killed a cyclops
  7517 | D:8      | Found Miafis's Book Shoppe.
  8198 | D:9      | Reached ** piety under Wu Jian
  8388 | D:9      | Reached XP level 11. HP: 59/62 MP: 11/11
  8473 | D:9      | Found an iron altar of Okawaru.
  8649 | D:10     | Entered Level 10 of the Dungeon
  8959 | D:10     | Killed an unseen horror
  8960 | D:10     | Reached skill level 15 in Shields
  9088 | D:10     | Learned a level 5 spell: Lee's Rapid Deconstruction
  9091 | D:10     | Learned a level 2 spell: Passwall
  9095 | D:10     | Learned a level 3 spell: Stone Arrow
  9137 | D:10     | Reached skill level 5 in Fighting
  9138 | D:10     | Paralysed by something for 3 turns
  9214 | D:10     | Noticed Joseph
  9252 | D:10     | Killed Joseph
  9253 | D:10     | Reached skill level 1 in Earth Magic
  9693 | D:11     | Noticed a cyclops
  9696 | D:11     | Killed a cyclops
  9865 | D:11     | Reached *** piety under Wu Jian
  9927 | D:11     | Found a staircase to the Orcish Mines.
 10005 | D:11     | Reached skill level 7 in Maces & Flails
 10031 | D:11     | Noticed a two-headed ogre
 10054 | D:11     | Killed a two-headed ogre
 10374 | D:11     | Noticed a centaur warrior
 10383 | D:11     | Killed a centaur warrior
 10383 | D:11     | Reached **** piety under Wu Jian
 10587 | D:11     | Noticed a wizard
 10608 | D:11     | Killed a wizard
 10882 | D:11     | Reached skill level 8 in Maces & Flails
 11115 | D:12     | Found a sparkling altar of Nemelex Xobeh.
 11175 | D:12     | Reached XP level 12. HP: 71/71 MP: 12/12
 11193 | D:12     | Noticed Sonja
 11202 | D:12     | Found a runed translucent door.
 11203 | D:12     | Noticed 15bullets's ghost (journeyman FoFi)
 11230 | D:12     | Cast into level 2 of the Abyss (Sonja)
 11240 | Abyss:2  | Found a runed translucent door.
 11397 | Abyss:2  | Noticed a tentacled starspawn
 11474 | Abyss:2  | Noticed a deep elf elementalist
 11488 | Abyss:2  | Noticed a tentacled starspawn
 11498 | Abyss:2  | Noticed a rakshasa
 11525 | Abyss:2  | Noticed a rakshasa
 11546 | Abyss:2  | Got a pair of translucent gloves
 11550 | D:12     | Escaped the Abyss
 11557 | D:12     | Killed Sonja
 11558 | D:12     | Reached skill level 5 in Earth Magic
 11669 | D:12     | Identified the +0 pair of gloves "Zaeshrop" {*Slow rF+
                  | Slay+3} (You found it on level 2 of the Abyss)
 12046 | D:11     | Reached skill level 9 in Maces & Flails
 12916 | D:12     | Killed 15bullets's ghost
 13196 | D:13     | Reached skill level 10 in Maces & Flails
 13421 | D:13     | Noticed a death knight
 13491 | D:12     | Reached ***** piety under Wu Jian
 13521 | D:13     | Killed a death knight
 13817 | D:13     | Reached XP level 13. HP: 78/78 MP: 13/13
 13836 | D:13     | Gained mutation: You have sharp toenails. [potion of
                  | mutation]
 13836 | D:13     | Gained mutation: You have a pair of small horns on your
                  | head. [potion of mutation]
 14237 | D:13     | Got a brightly glowing leather armour
 14247 | D:13     | Identified the +1 leather armour of Nubli {rElec} (You
                  | found it on level 13 of the Dungeon)
 14371 | D:14     | Reached skill level 10 in Armour
 14407 | D:14     | Found a gate to the Vaults.
 14407 | D:14     | Noticed a vault guard
 14407 | D:14     | Noticed a vault guard
 14407 | D:14     | Noticed a vault guard
 14407 | D:14     | Noticed a vault guard
 14429 | D:14     | Killed a vault guard
 14453 | D:14     | Killed a vault guard
 14475 | D:14     | Killed a vault guard
 14476 | D:14     | Reached skill level 11 in Maces & Flails
 14498 | D:14     | Killed a vault guard
 15360 | Lair:1   | Entered Level 1 of the Lair of Beasts
 15733 | Lair:1   | Reached skill level 12 in Maces & Flails
 16146 | Lair:1   | Got a pitted chain mail
 16156 | Lair:1   | Identified the +8 chain mail of Kygeorgh {rF+} (You found
                  | it on level 1 of the Lair of Beasts)
 16416 | Lair:2   | Found the brooch of Shielding {Spirit SH+8}
 16418 | Lair:2   | Found a transporter.
 16430 | Lair:2   | Found a transporter.
 16430 | Lair:2   | Noticed Fuside's ghost (journeyman GnFi)
 16728 | Lair:2   | Found a staircase to the Snake Pit.
 16971 | Lair:2   | Gained mutation: Your large and strong wings let you fly
                  | indefinitely. [Gargoyle growth]
 16971 | Lair:2   | Reached XP level 14. HP: 84/86 MP: 14/14
 17062 | Lair:2   | Reached skill level 13 in Maces & Flails
 17447 | Lair:2   | Killed Fuside's ghost
 17766 | Lair:3   | Lost mutation: You have sharp toenails. [potion of
                  | mutation]
 17766 | Lair:3   | Gained mutation: You have sharp toenails. [potion of
                  | mutation]
 17766 | Lair:3   | Gained mutation: You occasionally shout uncontrollably at
                  | your foes. [potion of mutation]
 17766 | Lair:3   | Gained mutation: You are somewhat resistant to further
                  | mutation. [potion of mutation]
 18104 | Lair:3   | Found a staircase to the Shoals.
 18128 | Lair:3   | Reached skill level 14 in Maces & Flails
 18494 | Lair:4   | Found a gate leading to a gauntlet.
 18534 | Lair:4   | Reached ****** piety under Wu Jian
 18561 | Gauntlet | Entered a Gauntlet
 18561 | Gauntlet | Found a transporter.
 18561 | Gauntlet | Found a transporter.
 18696 | Gauntlet | Found a transporter.
 18701 | Gauntlet | Found a runed translucent gate.
 18704 | Gauntlet | Found a runed translucent gate.
 18705 | Gauntlet | Found a runed translucent gate.
 18715 | Gauntlet | Found a transporter.
 18734 | Gauntlet | Found a transporter.
 18734 | Gauntlet | Found a transporter.
 18734 | Gauntlet | Found a transporter.
 18737 | Gauntlet | Found a transporter.
 18737 | Gauntlet | Found a transporter.
 18749 | Gauntlet | Found a transporter.
 18750 | Gauntlet | Found the amulet of the Four Winds {rN+ Will+++ Clar}
 18770 | Gauntlet | Found a transporter.
 18780 | Gauntlet | Found a transporter.
 18797 | Gauntlet | Found a transporter.
 18818 | Gauntlet | Found a transporter.
 19226 | Gauntlet | Reached skill level 15 in Maces & Flails
 19238 | Gauntlet | Got a scorched wooden ring
 19240 | Gauntlet | Identified the ring of the Magpie {Wiz Int+6} (You found it
                  | in a Gauntlet)
 20431 | Lair:4   | Reached skill level 16 in Maces & Flails
 20452 | Lair:4   | Reached XP level 15. HP: 72/91 MP: 13/15
 20977 | Lair:5   | Noticed Josephine
 20993 | Lair:5   | Killed Josephine
 21146 | Lair:5   | Reached skill level 10 in Fighting
 22229 | Lair:6   | Entered Level 6 of the Lair of Beasts
 22384 | Lair:6   | Reached skill level 10 in Earth Magic
 22862 | Lair:6   | Found a broken altar of Ashenzari.
 22930 | Lair:6   | Found a staircase to the Slime Pits.
 24815 | Lair:6   | Found a large runed translucent door.
 24842 | Lair:6   | Found a large runed translucent door.
 24855 | Lair:6   | Reached XP level 16. HP: 99/100 MP: 16/16
 24923 | Lair:6   | Noticed Kirke
 25412 | Lair:6   | Killed Kirke
 25698 | Lair:6   | Identified 3 scrolls of acquirement
 25699 | Lair:6   | Acquired 1053 gold pieces
 25700 | Lair:6   | Acquired a manual of Shields
 25701 | Lair:6   | Acquired a +0 hat
 25785 | Lair:6   | Learned a level 4 spell: Petrify
 25974 | Orc:1    | Entered Level 1 of the Orcish Mines
 26400 | Orc:1    | Found Pupeb's Book Boutique.
 26688 | Orc:2    | Entered Level 2 of the Orcish Mines
 26714 | Orc:2    | Found Vask's Distillery.
 26761 | Orc:2    | Found Ferif's Distillery.
 26838 | Orc:2    | Bought a potion of curing for 48 gold pieces
 26838 | Orc:2    | Bought a potion of haste for 160 gold pieces
 26838 | Orc:2    | Bought a potion of might for 64 gold pieces
 26838 | Orc:2    | Bought a potion of might for 64 gold pieces
 26838 | Orc:2    | Bought a potion of heal wounds for 80 gold pieces
 26838 | Orc:2    | Bought a potion of curing for 48 gold pieces
 26840 | Orc:2    | Bought a potion of might for 56 gold pieces
 26840 | Orc:2    | Bought a potion of mutation for 112 gold pieces
 26840 | Orc:2    | Bought a potion of might for 56 gold pieces
 26840 | Orc:2    | Bought 2 potions of cancellation for 224 gold pieces
 26840 | Orc:2    | Lost mutation: You are somewhat resistant to further
                  | mutation. [potion of mutation]
 26840 | Orc:2    | Lost mutation: You have sharp toenails. [potion of
                  | mutation]
 26840 | Orc:2    | Lost mutation: You occasionally shout uncontrollably at
                  | your foes. [potion of mutation]
 26840 | Orc:2    | Lost mutation: You have a pair of small horns on your head.
                  | [potion of mutation]
 26840 | Orc:2    | Gained mutation: Your movements are slightly less
                  | encumbered by armour. (ER -2) [potion of mutation]
 26840 | Orc:2    | Gained mutation: Your mind is acute. (Int +2) [potion of
                  | mutation]
 26892 | Orc:2    | Noticed Erolcha
 26905 | Orc:2    | Killed Erolcha
 27128 | Orc:2    | Found a staircase to the Elven Halls.
 27471 | Orc:2    | Gained mutation: Your magical capacity is low. (-10% MP) [a
                  | neqoxec]
 27478 | Orc:2    | Paralysed by an orc sorcerer for 7 turns
 27485 | Orc:2    | HP: 4/99 [orc knight/+0 war axe (18)]
 27528 | Orc:2    | HP: 3/97 [sun demon[an orc high priest] (11)]
 27528 | Orc:2    | Slain by a sun demon

Illustrated notes

Levels and vault maps discovered:
D:1:      heliophobic_arrival_ceremonial_halls, layout_basic,
          ebering_dispersal_statue_hall
D:2:      layout_loops_cross, lemuel_zombie_altar_kikubaaqudgha,
          chequers_ecumenical_altar_twisty, serial_glass, glass_columns_b,
          glass_columns_b
D:3:      layout_rooms, nicolae_ru_awakened_eye,
          nemelex_xobeh_ov_fountains_minmay, okawaru_altar_gauntlet_db,
          serial_bayou, serial_bayou_crossing, serial_bayou_pond_c,
          serial_bayou_shore_a, serial_bayou_pond_a, serial_bayou_lagoon_a,
          serial_bayou_lagoon_b
D:4:      layout_gridville, grunt_dithmenos_smoke_and_mirrors, uniq_duvessa
D:5:      layout_basic, gammafunk_temple_overflow_pools,
          minmay_stone_trees_medium, hangedman_abyss_or_decor_lesser_grid,
          uniq_prince_ribbit1, uniq_blork_the_orc
D:6:      layout_basic, evilmike_ruin_ashenzari, minmay_temple_entry_poolview,
          uniq_crazy_yiuf_cottage, uniq_grinder
D:7:      layout_cave_pools, dancing_weapons_uskayaw, overflow_temple_1_default,
          basic_altar
D:8:      wad_arrow_thing, layout_basic, lair_entry_dummy, serial_shops,
          nicolae_shop_stone, kennysheep_potato, uniq_erica
D:9:      layout_cross, basic_altar
D:10:     layout_loops_ring, uniq_joseph
D:11:     layout_irregular_city, hiddenorc2_lemuel
D:12:     layout_irregular_city, basic_altar, ebering_ghost_reflecting_pool,
          uniq_sonja
D:13:     layout_cave_pods
D:14:     layout_basic, lightli_vaults_fourway_checkpoint, solitary_fountain,
          st_stairs_8
Temple:   minmay_temple_bridge_abc
Lair:1:   layout_long_grid, serial_bayou_shore_b, grunt_megastairs_1
Lair:2:   layout_small_grid, minmay_snake_entry_guardpost_medium, serial_forest,
          infiniplex_forest_clump_large, infiniplex_forest_lined_corner,
          infiniplex_forest_lined_3_way, infiniplex_forest_fountain,
          infiniplex_forest_lined_room_, infiniplex_forest_lined_room_2,
          infiniplex_forest_straight_3, gammafunk_ghost_hive, minmay_hedge_maze,
          minmay_lair_oklob_bushes, chequers_serial_rivers_large_b,
          infiniplex_staircase_pool
Lair:3:   layout_roguey, elwin_shoals_entry_stream
Lair:4:   layout_cellular_growth, gauntlet_entry_generic, serial_forest,
          infiniplex_forest_clump_medium, infiniplex_forest_straight_3,
          infiniplex_forest_clump_small, infiniplex_forest_end_2,
          infiniplex_forest_clump_large, infiniplex_forest_lined_corner,
          infiniplex_forest_zigzag_2, infiniplex_forest_fountain,
          infiniplex_forest_clump_medium
Lair:5:   layout_big_grid, st_stairs_12, ice2_lemuel, uniq_josephine
Lair:6:   cheibrodos_lair_end_hotspot, layout_regular_city,
          nicolae_slime_entry_slimehenge, lemuel_centaur_altar,
          serial_bayou_shore_b, minmay_lair_oklob_chamber, uniq_kirke
Orc:1:    layout_caves, serial_shops, shop
Orc:2:    pf_orc_diabolical, layout_diamond_mine, uniq_erolcha

Skill      XL: |  1  2  3  4  5  6  7  8  9 10 11 12 13 14 15 16 |
---------------+-------------------------------------------------+-----
Shields        | 4 5 7 9 11 14 15 | 15.6
Armour         | 4 5 6 7 8 9 10 12 | 12.9
Fighting       | 4 6 8 9 11 12 | 12.0
Maces & Flails | 3 4 5 6 8 10 12 16 | 16.5
Earth Magic    | 4 7 8 11 | 11.9

Action                   |  1- 3 |  4- 6 |  7- 9 | 10-12 | 13-15 | 16-18 || total
-------------------------+-------+-------+-------+-------+-------+-------++-------
Melee: Flail             |   190 |   136 |   234 |       |       |       ||   560
       Morningstar       |       |       |    52 |       |  1412 |   470 ||  1934
       Mace              |       |       |   149 |  1454 |    18 |       ||  1621
       Headbutt          |       |       |       |       |   488 |    88 ||   576
 Cast: Lee's Rapid Decon |       |       |       |       |     1 |       ||     1
Invok: Lunge             |       |       |     6 |    38 |    52 |    39 ||   135
       Whirlwind         |       |       |       |   118 |    95 |    32 ||   245
 Abil: Wall Jump         |       |       |       |    22 |    25 |     7 ||    54
       Fly               |       |       |       |       |     1 |       ||     1
Evoke: Wand              |       |       |     2 |     1 |    28 |       ||    31
  Use: Potion            |       |     2 |     5 |    11 |     4 |     5 ||    27
       Scroll            |       |       |     9 |    11 |    18 |     4 ||    42
 Stab: Distracted        |       |       |       |     1 |       |       ||     1
       Invisible         |       |       |       |       |     4 |       ||     4
       Petrified         |       |       |       |       |     5 |       ||     5
Armor: Scale mail        |    72 |       |       |   687 |    95 |       ||   854
       Chain mail        |    68 |    96 |    32 |       |   373 |    91 ||   660
       Plate armour      |       |       |   143 |    20 |       |       ||   163
Dodge: Dodged            |    58 |    32 |    48 |   389 |   201 |    37 ||   765
Block: Kite shield       |   143 |   162 |   348 |  1121 |  1467 |   348 ||  3589
       Reflection        |     2 |    11 |     5 |    42 |    53 |    34 ||   147
